AoeStats
← かえで

Nomad

507021242Analyzed
4v4 RM · 16d ago on Sep 16, 2026· 38m 32s· 8 players
Game mode
Random Map
Map size
231×231
Population
200
Speed
Normal
Resources
Standard
Victory
Conquest
Starting age
Dark Age
Ending age
Imperial Age
RankedLock teamsTeams togetherTeam positionsShared explorationLock speedFull tech treeHidden civsTurbo modeCheats
Victory
Defeat
🇨🇦 Huns · Canada
959
+14
🇪🇸 Japanese · Spain
953
+14
🇨🇭 Romans · Switzerland
934
+15
🇦🇺 Khmer · Australia
832
+18
🇨🇳 Wu · China
975
-19
🇭🇰 Huns · Hong Kong SAR China
882
-14
🇨🇳 Ethiopians · China
877
-14
🇨🇳 Celts · China
877
-14
老歪
7:48 Loom
16:19 Feudal Age
17:12 Fishing Lines
20:17 Wheelbarrow
23:49 Castle Age
24:57 Bloodlines
24:43 Double-Bit Axe
25:31 Husbandry
25:47 Forging
25:43 Scale Barding Armor
29:22 Hand Cart
29:09 Stone Mining
33:44 Gold Mining
dfgedthdth
17:01 Feudal Age
17:32 Loom
19:43 Horse Collar
23:26 Fletching
23:38 Padded Archer Armor
29:52 Gold Mining
35:08 Castle Age
34:14 Double-Bit Axe
かえで
17:40 Loom
20:58 Feudal Age
31:24 Wheelbarrow
33:34 Castle Age
34:39 Town Watch
34:51 Stone Mining
泥巴
17:17 Feudal Age
17:34 Loom
21:37 Castle Age
22:31 Husbandry
25:30 Forging
25:56 Bloodlines
31:46 Horse Collar
32:34 Heavy Plow
32:48 Double-Bit Axe
34:19 Fishing Lines
36:02 Wheelbarrow
Makaveli
3:07 Loom
15:22 Feudal Age
16:41 Fishing Lines
18:21 Forging
20:10 Bloodlines
19:55 Horse Collar
24:22 Castle Age
23:00 Gold Mining
23:53 Stone Mining
26:54 Wheelbarrow
28:29 Gillnets
29:51 Hand Cart
29:22 Town Watch
29:29 Double-Bit Axe
29:47 Heavy Plow
30:27 Gold Shaft Mining
30:17 Marauders
34:17 Husbandry
37:49 Imperial Age
36:33 Bow Saw
38:20 Iron Casting
37:50 Elite Tarkan
39:03 Conscription
the naked man
3:49 Loom
15:02 Feudal Age
17:14 Man-at-Arms
18:20 Double-Bit Axe
18:19 Horse Collar
28:27 Castle Age
26:41 Forging
26:23 Fletching
29:00 Stone Mining
29:00 Gold Mining
29:18 Padded Archer Armor
29:24 Scale Mail Armor
30:08 Pikeman
34:04 Wheelbarrow
37:01 Bloodlines
39:09 Hand Cart
likkus
12:42 Loom
15:55 Feudal Age
18:04 Wheelbarrow
18:29 Double-Bit Axe
19:33 Man-at-Arms
23:49 Castle Age
22:26 Fishing Lines
24:58 Hand Cart
27:49 Pikeman
29:13 Gillnets
32:04 Horse Collar
34:02 Squires
34:16 Forging
39:17 Imperial Age
36:45 Arson
37:03 Scale Mail Armor
38:13 Treadmill Crane
38:54 Ballistics
Sinbad
4:42 Loom
8:39 Loom
14:21 Feudal Age
14:56 Double-Bit Axe
14:54 Horse Collar
21:02 Castle Age
21:23 Wheelbarrow
20:33 Town Watch
21:30 Wheelbarrow
21:55 Stone Mining
22:00 Gold Mining
25:16 Pikeman
26:14 Bow Saw
26:06 Heavy Plow
26:53 Husbandry
27:04 Bloodlines
29:25 Gold Shaft Mining
29:33 Stone Shaft Mining
29:29 Scale Barding Armor
32:33 Imperial Age
32:53 Light Cavalry
34:32 Murder Holes
34:53 Halberdier
37:19 Cavalier
Connection lost

Rejoining the realm…

Still unreachable

The connection could not be restored.

Session expired

The server has moved on; the page needs a fresh start.